 Dungeon Crawl Stone Soup version 0.17.0-23-g0de4337 (console) character file.

548 gw the Cutter (level 7, -2/37 HPs)
             Began as a Vine Stalker Chaos Knight on Nov 14, 2015.
             Killed by divine providence
             ... invoked by an orc priest
              (13 damage)
             ... on level 3 of the Dungeon.
             The game lasted 00:03:39 (2562 turns).

gw the Cutter (Vine Stalker Chaos Knight)           Turns: 2562, Time: 00:03:39

Health: -2/37      AC:  5    Str: 15    XL:     7   Next: 28%
Magic:  0/8        EV: 12    Int: 12    God:    Xom [.....*]
Gold:   163        SH:  0    Dex: 15    Spells: 0 memorised, 6 levels left

rFire  . . .     SeeInvis .     a - +0 short sword (chaos)
rCold  . . .     Clarity  .     g - +0 ring mail
rNeg   . . .     SustAt   .     (no shield)
rPois  .         Gourm    .     (helmet restricted)
rElec  .         Spirit   +     (no cloak)
rCorr  .         Warding  .     (no gloves)
rMut   .         Stasis   .     (no boots)
MR     .....                    (no amulet)
Stlth  +.........               (no ring)
                                (no ring)

@: not resistant to hostile enchantments, very unstealthy
A: fangs 2, horns 1, regeneration 2, magic shield, antimagic bite, no device
heal 3, rot immunity
a: Renounce Religion


You were on level 3 of the Dungeon.
You worshipped Xom.
You were Xom's teddy bear.
You were not hungry.

You visited 1 branch of the dungeon, and saw 3 of its levels.

You collected 163 gold pieces.

Inventory:

Hand Weapons
 a - a +0 short sword of chaos (weapon)
Missiles
 i - 3 stones (quivered)
Armour
 g - a +0 ring mail (worn)
Scrolls
 e - 4 scrolls of identify
 j - 3 scrolls of remove curse
Potions
 k - a potion of curing
Comestibles
 b - a beef jerky
 c - 3 bread rations
 d - 5 fruits
 f - 2 slices of pizza
 h - a meat ration


   Skills:
 + Level 4.1 Fighting
 * Level 5.1 Short Blades
 + Level 2.5 Throwing
 - Level 1.5 Armour
 + Level 2.7 Dodging


You had 6 spell levels left.
You didn't know any spells.

Dungeon Overview and Level Annotations

Branches:
Dungeon (3/15)

Altars:
Fedhas
Trog
Vehumet
Xom


Innate Abilities, Weirdness & Mutations

You have extremely sharp teeth.
You heal very quickly.
When hurt, damage is shared between your health and your magic reserves.
Your bite disrupts and absorbs the magic of your enemies.
Potions and wands cannot restore your health.
You are immune to rotting.
You have a pair of small horns on your head.


Message History

ATTACKING (1,0)
You completely miss the orc. Your headbutt misses the orc.
You hear something mumble some strange prayers to Beogh against you.
Something smites you!
A shower of butterflies erupts from you!
The orc hits you with a flail!
ATTACKING (1,0)
You hit the orc but do no damage. Your bite misses the orc.
ATTACKING (1,0)
You hit the orc.
The orc is moving more slowly.
The orc is moderately wounded.
The orc barely misses you.
ATTACKING (1,0)
You hit the orc.
The orc appears confused.
You bite the orc, but do no damage.
The orc is severely wounded.
The orc barely misses you.
You hear something invoke the aid of Beogh against you.
Something smites you!
You die... "This toy is broken."

#################################
............b..bforo.........(...
.######################.########.
.........# ##..# #. .........#
####.....#### #. .........#
#.....#.....# #. .........#
#....#_#....# #. .........#
#.....#.....###'
.....()..#########...............
>................................


You could see 2 orcs and a rat.

Table legend:
 A = Turns spent in this place as a percentage of turns spent in the entire game.
 B = Non-inter-level travel turns spent in this place as a percentage of non-inter-level travel turns spent in the entire game.
 C = Inter-level travel turns spent in this place as a percentage of turns spent in this place.
 D = Turns resting spent in this place as a percentage of non-inter-level travel turns spent in this place.
 E = Turns spent auto-exploring this place as a percentage of non-inter-level travel turns spent in this place.
 F = Non-inter-level travel turns spent in this place divided by the number of levels of this place that you've seen.
                   A       B       C       D       E      F
               +-------+-------+-------+-------+-------+----------------------
         Total | 100.0 | 100.0 |   0.3 |   0.9 |   1.8 | 1512.3
       Dungeon | 100.0 | 100.0 |   0.3 |   0.9 |   1.8 | 1512.3
               +-------+-------+-------+-------+-------+----------------------

Table legend:
 A = Kills in this place as a percentage of kills in entire the game.
 B = Kills by you in this place as a percentage of kills by you in the entire game.
 C = Kills by friends in this place as a percentage of kills by friends in the entire game.
 D = Other kills in this place as a percentage of other kills in the entire game.
 E = Experience gained in this place as a percentage of experience gained in the entire game.
 F = Experience gained in this place divided by the number of levels of this place that you have seen.
                   A       B       C       D       E      F
               +-------+-------+-------+-------+-------+----------------------
         Total | 100.0 | 100.0 | 100.0 |  -nan | 100.0 | 261.3
       Dungeon | 100.0 | 100.0 | 100.0 |  -nan | 100.0 | 261.3
               +-------+-------+-------+-------+-------+----------------------

Vanquished Creatures
  A moth of wrath (D:2)
  The ghost of benny685 the Poker, an amateur MiGl (D:3)
  An orc wizard (D:3)
  An adder (D:2)
  A gnoll (D:1)
  3 worms (D:2)
  5 orcs (D:3)
  3 bats
  2 giant cockroaches
  3 goblins (D:2)
  10 hobgoblins
  7 kobolds
  12 rats
50 creatures vanquished.

Vanquished Creatures (collateral kills)
  A jackal (D:2)
1 creature vanquished.

Grand Total: 51 creatures vanquished

Notes
Turn   | Place    | Note
--------------------------------------------------------------
     0 | D:1      | gw the Vine Stalker Chaos Knight began the quest for the Orb.
     0 | D:1      | Reached XP level 1. HP: 11/11 MP: 2/2
   265 | D:1      | Reached skill level 1 in Dodging
   266 | D:1      | Reached XP level 2. HP: 14/16 MP: 3/3
   287 | D:1      | Reached skill level 3 in Short Blades
   534 | D:2      | XOM: silly message
   603 | D:2      | Noticed a moth of wrath
   606 | D:2      | Found a bloodstained altar of Trog.
   611 | D:2      | XOM: harmless Divn miscast
   619 | D:2      | Reached XP level 3. HP: 12/20 MP: 4/4
   628 | D:2      | XOM: confuse monster(s)
   644 | D:2      | XOM: divination: magic mapping
   647 | D:2      | XOM: enchant monster (good)
   648 | D:2      | XOM: divination: detect creatures
   673 | D:2      | XOM: noise
   687 | D:2      | XOM: confuse monster(s)
   690 | D:2      | XOM: divination: magic mapping
   701 | D:2      | XOM: cast spell 'Cause Fear'
   738 | D:2      | XOM: cast spell 'Confusing Touch'
   742 | D:2      | XOM: noise
   765 | D:2      | XOM: harmless Pois miscast
   779 | D:2      | XOM: cast spell 'Olgreb's Toxic Radiance'
   807 | D:2      | XOM: summons friendly shadow imp
   813 | D:2      | XOM: divination: detect creatures
   838 | D:2      | XOM: divination: magic mapping
   842 | D:2      | XOM: summons friendly shadow imp
   870 | D:2      | XOM: divination: magic mapping
   873 | D:2      | XOM: confuse monster(s)
   876 | D:2      | XOM: summons friendly iron imp
   903 | D:2      | XOM: confuse monster(s)
   909 | D:2      | XOM: blink monster(s)
   918 | D:2      | XOM: butterfly on damage
   919 | D:2      | Killed a moth of wrath
   919 | D:2      | Reached skill level 4 in Short Blades
   919 | D:2      | Reached XP level 4. HP: 15/25 MP: 3/5
   919 | D:2      | Reached XP level 5. HP: 17/29 MP: 3/6
   919 | D:2      | Gained mutation: You heal very quickly. [Vine Stalker growth]
   919 | D:2      | Reached XP level 6. HP: 19/33 MP: 3/7
  1100 | D:2      | XOM: mild Pois miscast
  1125 | D:2      | Found a radiant altar of Vehumet.
  1125 | D:2      | XOM: 4-stop teleportation journey
  1597 | D:2      | XOM: silly message
  1660 | D:2      | XOM: mild Divn miscast
  1717 | D:2      | XOM: mild Ice miscast
  1851 | D:2      | XOM: give mutation
  1851 | D:2      | Gained mutation: You have a pair of small horns on your head. [Xom's grace]
  1882 | D:3      | XOM: scenery: create altars
  2023 | D:3      | Found a faded altar to an unknown god.
  2215 | D:3      | XOM: vitrification
  2379 | D:3      | Found a blossoming altar of Fedhas.
  2445 | D:3      | Noticed benny685's ghost (amateur MiGl)
  2455 | D:3      | Killed benny685's ghost
  2455 | D:3      | Reached skill level 5 in Short Blades
  2455 | D:3      | Reached XP level 7. HP: 35/37 MP: 8/8
  2527 | D:3      | XOM: smoke on damage
  2559 | D:3      | XOM: butterfly on damage
  2562 | D:3      | Killed from afar by an orc priest

Action                   |  1- 3 |  4- 6 |  7- 9 || total
-------------------------+-------+-------+-------++-------
Melee: Short sword       |    61 |    64 |    16 ||   141
Throw: Stone             |     6 |    35 |     4 ||    45
       Tomahawk          |       |    23 |     1 ||    24
  Use: Scroll            |     4 |       |       ||     4
       Potion            |       |     3 |       ||     3
 Stab: Confused          |     2 |     1 |       ||     3
       Paralysed         |       |     1 |       ||     1
  Eat: Chunk             |       |     5 |       ||     5

Vault maps used:
D:1:      dpeg_arrival_boxorama, minivault_25
D:2:      lemuel_crystal_altar, tgw_trog
D:3:      ecumenical_altar_1, fedhas_altar_fruit_tree
